 Dungeon Crawl Stone Soup version 0.29.0-4-gdea44cf6ec (webtiles) character file.

Game seed: 11243778372129420436

2370 qw the Cleaver (level 9, -9/57 HPs)
             Began as a Tengu Warper on Aug 28, 2022.
             Was a Believer of Okawaru.
             Mangled by a deep troll (11 damage)
             ... on level 7 of the Dungeon.
             The game lasted 00:00:50 (8368 turns).

qw the Cleaver (Tengu Warper)                       Turns: 8368, Time: 00:00:51

Health: -9/57      AC: 17    Str: 21    XL:     9   Next: 45%
Magic:  12/13      EV:  9    Int: 13    God:    Okawaru [**....]
Gold:   297        SH: 11    Dex: 13    Spells: 12/12 levels left

rFire   . . .      SeeInvis .   Y - +0 war axe
rCold   . . .      Faith    .   d - +0 kite shield
rNeg    . . .      Spirit   .   w - +0 plate armour
rPois   +          Reflect  .   m - +2 hat
rElec   .          Harm     .   o - +0 cloak
rCorr   .          Rampage  .   (no gloves)
Will    .....                   (boots unavailable)
Stlth   ..........              (no amulet)
HPRegen 0.19/turn               c - ring of poison resistance
MPRegen 0.13/turn               v - +6 ring of strength

@: heroic, flying quickly and evasively, quick
A: beak, talons 3, nimble flight, robust 1, weak 1
a: Renounce Religion, Heroism


You were on level 7 of the Dungeon.
You worshipped Okawaru.
Okawaru was pleased with you.
You visited 1 branch of the dungeon, and saw 7 of its levels.

You collected 321 gold pieces.
You spent 24 gold pieces at shops.


Innate Abilities, Weirdness & Mutations

You have a beak for a mouth.
You have claws for feet.
Your magical nature lets you fly swiftly and evasively.
You are robust. (+10% HP)
You are weak. (Str -2)


   Skills:
 - Level 4.0(9.0) Fighting
 - Level 9.3(14.3) Axes
 - Level 2.0(7.0) Throwing
 - Level 4.0(9.0) Armour
 - Level 2.1(7.1) Dodging
 + Level 5.6(10.6) Shields
 - Level 2.0 Spellcasting
 - Level 2.4 Translocations
 - Level 4.0 Invocations


You had 12 spell levels left.
You didn't know any spells.
Your spell library contained the following spells:

 Spells                   Type           Power      Damage    Failure   Level
 Blink                    Tloc           14%        N/A       99%         2
 Gell's Gravitas          Tloc           7%         N/A       100%        3
 Lesser Beckoning         Tloc           7%         N/A       100%        3
 Teleport Other           Tloc           7%         N/A       100%        3
 Manifold Assault         Tloc           7%         N/A       100%        5

Inventory:

Hand Weapons
 n - a +0 morningstar
 Y - a +0 war axe (weapon)
Missiles
 s - 6 boomerangs
 t - 11 javelins (quivered)
Armour
 d - a +0 kite shield (worn)
 m - a +2 hat (worn)
 o - a +0 cloak (worn)
 w - a +0 plate armour (worn)
Jewellery
 b - a ring of willpower
 c - a ring of poison resistance (left hand)
 v - a +6 ring of strength (right hand)
Scrolls
 g - a scroll of identify
Potions
 a - a potion of cancellation {unknown}
 e - 2 potions of heal wounds
 f - 2 potions of might {unknown}
 h - a potion of haste {unknown}
 j - 2 potions of resistance
 k - 2 potions of magic
 l - 5 potions of curing

Dungeon Overview and Level Annotations

Branches:
Dungeon (7/15)             Temple (0/1) D:6

Altars:
Elyvilon
Fedhas
Hepliaklqana
Kikubaaqudgha
Makhleb
Okawaru
Qazlal
Ru
Uskayaw
Xom
Yredelemnul
The Shining One

Shops:
D:1 *   D:2 [*!

Annotations:
D:3 3 runed translucent doors, qw's ghost, amateur TeWr
D:7 1 runed translucent door, qw's ghost, novice TeWr


Message History

Your kick misses the deep troll.
You peck the deep troll, but do no damage.
The deep troll is lightly wounded.
You block the deep troll's attack. The deep troll misses you.
The deep troll claws you.
You hit the deep troll but do no damage.
The deep troll is lightly wounded.
You block the deep troll's attack. The deep troll claws you.
The deep troll barely misses you.
You hit the deep troll but do no damage.
The deep troll is lightly wounded.
You hit the deep troll but do no damage.
The deep troll barely misses you. x2; The deep troll claws you.
You slash the deep troll!
You claw the deep troll, but do no damage.
The deep troll is moderately wounded.
You hit the deep troll. You slash the deep troll!
You block the deep troll's attack. x2
The deep troll claws you but does no damage.
You block the deep troll's attack. The deep troll barely misses you.
The deep troll claws you. The deep troll bites you!
The deep troll claws you but does no damage.
The deep troll claws you.
You slash the deep troll!
You claw the deep troll, but do no damage.
Your peck misses the deep troll.
The deep troll is moderately wounded.
You slash the deep troll! You hit the deep troll.
The deep troll bites you but does no damage.
The deep troll closely misses you. You block the deep troll's attack.
The deep troll bites you but does no damage.
You block the deep troll's attack. x2; The deep troll barely misses you.
The deep troll claws you but does no damage.
The deep troll claws you.
8368 ||| DRINKING 3 potions of heal wounds.
You feel much better. The deep troll bites you!
You block the deep troll's attack. The deep troll claws you!
The deep troll barely misses you. x3
The deep troll bites you. The deep troll claws you!
You die...

...###.......############
...'....)....'......>...#
...###.......############
)..# #.).....# .. ...#
#.......##### ... ...#
#.......#...##...T
.#############......T..
....####### #.TT##
###.......####.T@.##
...###.......'.....##
###...########......##
)........#####.......#
###...###.!.#####'#..#
...###.........##.#..#
###...###...###.#.#..#
.........###...#..#..#######
###)..###.#....#.##........#


You could see 3 deep trolls.

Vanquished Creatures
  Pikel (D:7)
  3 water moccasins
  An ice beast (D:6)
  An orc warrior (D:6)
  An ogre (D:6)
  A centaur (D:7)
  A lemure (D:7)
  A necrophage (D:5)
  3 scorpions
  2 gnoll sergeants (D:7)
  3 wights (D:6)
  A vampire bat (D:7)
  A hound (D:5)
  2 jellies
  3 orc priests
  6 orc wizards
  11 gnolls
  7 adders
  2 shadow imps
  5 ufetubi
  2 worms
  A dart slug (D:1)
  33 orcs
  10 bats
  2 bat skeletons (D:7)
  4 bat zombies (D:7)
  10 endoplasms
  6 giant cockroaches
  9 goblins
  8 hobgoblins
  3 jackals (D:1)
  4 quokkas
  12 ball pythons
  4 frilled lizards
  5 kobolds
  4 rats
173 creatures vanquished.

Notes
Turn   | Place    | Note
-------+----------+-------------------------------------------
     0 | D:1      | qw the Tengu Warper began the quest for the Orb.
     0 | D:1      | Reached XP level 1. HP: 12/12 MP: 4/4
     0 | D:1      | 0 ||| qw: Version: 0.1-a-89-g26bdef1
     0 | D:1      | 0 ||| qw: Game counter: 357
     0 | D:1      | 0 ||| qw: Always use a shield: true
     0 | D:1      | 0 ||| qw: God list: Okawaru
     0 | D:1      | 0 ||| qw: Allow faded altars: false
     0 | D:1      | 0 ||| qw: Do Orc after D:15 true
     0 | D:1      | 0 ||| qw: Do second Lair branch before Depths: true
     0 | D:1      | 0 ||| qw: Lair rune preference: random
     0 | D:1      | 0 ||| qw: Plans: Normal
     0 | D:1      | 0 ||| PLANNING D:1-11
   265 | D:1      | 265 ||| Stepping ~*~*~tactically~*~*~ (stealth).
   274 | D:1      | Reached skill level 3 in Axes
   274 | D:1      | Reached XP level 2. HP: 17/17 MP: 6/6
   353 | D:1      | 353 ||| Stepping ~*~*~tactically~*~*~ (stealth).
   354 | D:1      | 354 ||| Stepping ~*~*~tactically~*~*~ (stealth).
   356 | D:1      | 356 ||| Stepping ~*~*~tactically~*~*~ (stealth).
   608 | D:1      | Found Zomuel's Assorted Antiques.
   614 | D:1      | 614 ||| SHOPLISTING 3 scrolls labelled BOFYN TOITE (72
                  | gold, have 23).
   614 | D:1      | 614 ||| SHOPLISTING flail (84 gold, have 23).
   614 | D:1      | 614 ||| SHOPLISTING scroll labelled BEERADGH GUDESM (24
                  | gold, have 23).
   614 | D:1      | 614 ||| SHOPLISTING scroll labelled GOEKHLIRORAF (24 gold,
                  | have 23).
   614 | D:1      | 614 ||| SHOPLISTING scroll labelled ICVIBBUTECS (24 gold,
                  | have 23).
   809 | D:1      | Reached XP level 3. HP: 21/21 MP: 7/7
   894 | D:1      | 894 ||| Stepping ~*~*~tactically~*~*~ (stealth).
  1060 | D:1      | Reached skill level 4 in Axes
  1476 | D:1      | 1476 ||| UPGRADING to +0 buckler.
  1481 | D:1      | 1481 ||| READING scroll labelled ICVIBBUTECS.
  1482 | D:1      | 1482 ||| READING scroll labelled BOFYN TOITE.
  1483 | D:1      | 1483 ||| DROPPING scroll of blinking.
  1505 | D:2      | Found Fuceofry's Distillery.
  1527 | D:2      | 1527 ||| SHOPLISTING potion of curing (42 gold, have 37).
  1527 | D:2      | 1527 ||| SHOPLISTING potion of heal wounds (70 gold, have
                  | 37).
  1527 | D:2      | 1527 ||| SHOPLISTING potion of might (56 gold, have 37).
  1527 | D:2      | 1527 ||| SHOPLISTING potion of mutation (112 gold, have
                  | 37).
  1566 | D:2      | Found Kimagumen's Assorted Antiques.
  1573 | D:2      | 1573 ||| SHOPLISTING crude war axe (204 gold, have 37).
  1573 | D:2      | 1573 ||| SHOPLISTING ring mail (96 gold, have 37).
  1573 | D:2      | 1573 ||| SHOPLISTING scale mail (96 gold, have 37).
  1573 | D:2      | 1573 ||| BUYING scroll labelled BEERADGH GUDESM (24 gold).
  1573 | D:2      | Bought a scroll labelled BEERADGH GUDESM for 24 gold pieces
  1573 | D:2      | 1573 ||| SHOPLISTING scroll labelled CYRONW NECRUA (24
                  | gold, have 13).
  1573 | D:2      | 1573 ||| SHOPLISTING scroll labelled ZUALOI BAKHLONA (24
                  | gold, have 13).
  1624 | D:2      | Found an ancient bone altar of Kikubaaqudgha.
  1653 | D:2      | Reached skill level 1 in Shields
  1705 | D:2      | 1705 ||| Stepping ~*~*~tactically~*~*~ (stealth).
  1719 | D:2      | Reached XP level 4. HP: 22/26 MP: 8/8
  1807 | D:2      | 1807 ||| Stepping ~*~*~tactically~*~*~ (stealth).
  1844 | D:2      | 1844 ||| Stepping ~*~*~tactically~*~*~ (hiding).
  2192 | D:2      | Found Vyiqi's Armour Emporium.
  2200 | D:2      | 2200 ||| SHOPLISTING +0 chain mail (54 gold, have 47).
  2200 | D:2      | 2200 ||| SHOPLISTING +2 scale mail of fire resistance (252
                  | gold, have 47).
  2392 | D:2      | 2392 ||| UPGRADING to +0 ring mail.
  2402 | D:2      | 2402 ||| DROPPING +0 leather armour.
  2403 | D:2      | 2403 ||| UPGRADING to +0 cloak.
  2408 | D:2      | 2408 ||| UPGRADING to ring of poison resistance.
  2409 | D:2      | 2409 ||| READING scroll labelled BEERADGH GUDESM.
  2410 | D:2      | 2410 ||| READING scroll labelled LEMISANGIC.
  2411 | D:2      | 2411 ||| DRINKING 2 lumpy red potions.
  2411 | D:2      | Gained mutation: You occasionally lose the ability to drink
                  | potions when taking damage. [potion of mutation]
  2411 | D:2      | Gained mutation: You are robust. (+10% HP) [potion of
                  | mutation]
  2411 | D:2      | Gained mutation: You sometimes lose the ability to drink
                  | potions when taking damage. [potion of mutation]
  2433 | D:2      | 2433 ||| DRINKING potion of mutation.
  2433 | D:2      | Lost mutation: You are robust. (+10% HP) [potion of
                  | mutation]
  2433 | D:2      | Lost mutation: You sometimes lose the ability to drink
                  | potions when taking damage. [potion of mutation]
  2433 | D:2      | Lost mutation: You occasionally lose the ability to drink
                  | potions when taking damage. [potion of mutation]
  2433 | D:2      | Gained mutation: You are weak. (Str -2) [potion of
                  | mutation]
  2433 | D:2      | Gained mutation: You are robust. (+10% HP) [potion of
                  | mutation]
  2455 | D:2      | 2455 ||| DRINKING 2 white potions.
  2456 | D:2      | 2456 ||| DRINKING 2 grey potions.
  2508 | D:3      | 2508 ||| STAIRDANCE
  2547 | D:3      | 2547 ||| STAIRDANCE
  2598 | D:3      | Found a runed translucent gate.
  2598 | D:3      | Found a runed translucent gate.
  2598 | D:3      | Found a runed translucent gate.
  2602 | D:3      | Noticed qw's ghost (amateur TeWr)
  2608 | D:3      | Noticed a kobold brigand
  2698 | D:3      | 2698 ||| Stepping ~*~*~tactically~*~*~ (stealth).
  2708 | D:3      | Reached skill level 5 in Axes
  2752 | D:3      | 2752 ||| DROPPING +0 whip.
  2844 | D:3      | Found a burning altar of Makhleb.
  2903 | D:3      | Found an iron altar of Okawaru.
  2903 | D:3      | Found a basalt altar of Yredelemnul.
  2905 | D:3      | Found a hazy altar of Hepliaklqana.
  2905 | D:3      | Found a glowing golden altar of the Shining One.
  2913 | D:3      | Became a worshipper of Warmaster Okawaru
  2956 | D:3      | 2956 ||| Stepping ~*~*~tactically~*~*~ (stealth).
  2965 | D:3      | 2965 ||| Stepping ~*~*~tactically~*~*~ (stealth).
  3042 | D:3      | 3042 ||| FLEEEEING.
  3043 | D:3      | 3043 ||| FLEEEEING.
  3044 | D:3      | 3044 ||| FLEEEEING.
  3050 | D:3      | 3050 ||| Stepping ~*~*~tactically~*~*~ (stealth).
  3053 | D:3      | 3053 ||| Stepping ~*~*~tactically~*~*~ (stealth).
  3056 | D:3      | 3056 ||| Stepping ~*~*~tactically~*~*~ (stealth).
  3057 | D:3      | 3057 ||| Stepping ~*~*~tactically~*~*~ (stealth).
  3095 | D:3      | 3095 ||| Stepping ~*~*~tactically~*~*~ (stealth).
  3126 | D:3      | 3126 ||| DROPPING +2 vorpal mace.
  3138 | D:3      | 3138 ||| Stepping ~*~*~tactically~*~*~ (stealth).
  3182 | D:3      | Found a blossoming altar of Fedhas.
  3445 | D:3      | 3445 ||| UPGRADING to +0 chain mail.
  3455 | D:3      | 3455 ||| DROPPING +0 ring mail.
  3456 | D:3      | 3456 ||| UPGRADING to +1 hat.
  3479 | D:3      | 3479 ||| UPGRADING to ring of willpower.
  3480 | D:3      | 3480 ||| DRINKING 2 smoky yellow potions.
  3529 | D:3      | 3529 ||| READING 2 scrolls of identify.
  3529 | D:3      | 3529 ||| IDENTIFYING inky potion
  3532 | D:3      | 3532 ||| DROPPING potion of degeneration.
  3533 | D:3      | 3533 ||| DROPPING potion of lignification.
  3581 | D:4      | Gained mutation: Your magical nature lets you fly swiftly
                  | and evasively. [Tengu growth]
  3581 | D:4      | Reached XP level 5. HP: 33/33 MP: 9/9
  3617 | D:4      | 3617 ||| Stepping ~*~*~tactically~*~*~ (stealth).
  3619 | D:4      | 3619 ||| FLEEEEING.
  3620 | D:4      | 3620 ||| FLEEEEING.
  3621 | D:4      | 3621 ||| FLEEEEING.
  3622 | D:4      | 3622 ||| FLEEEEING.
  3623 | D:4      | 3623 ||| FLEEEEING.
  3625 | D:4      | 3625 ||| FLEEEEING.
  3626 | D:4      | 3626 ||| FLEEEEING.
  3627 | D:4      | 3627 ||| FLEEEEING.
  3628 | D:4      | 3628 ||| STAIRDANCE
  3955 | D:4      | 3955 ||| Stepping ~*~*~tactically~*~*~ (hiding).
  4126 | D:4      | 4126 ||| Stepping ~*~*~tactically~*~*~ (stealth).
  4129 | D:4      | 4129 ||| Stepping ~*~*~tactically~*~*~ (stealth).
  4130 | D:4      | 4130 ||| Stepping ~*~*~tactically~*~*~ (stealth).
  4210 | D:4      | Found a white marble altar of Elyvilon.
  4210 | D:4      | Found a sacrificial altar of Ru.
  4212 | D:4      | Found a stormy altar of Qazlal.
  4228 | D:4      | 4228 ||| Stepping ~*~*~tactically~*~*~ (hiding).
  4249 | D:4      | 4249 ||| Stepping ~*~*~tactically~*~*~ (stealth).
  4250 | D:4      | 4250 ||| Stepping ~*~*~tactically~*~*~ (stealth).
  4251 | D:4      | 4251 ||| Stepping ~*~*~tactically~*~*~ (stealth).
  4279 | D:4      | Found a shimmering altar of Xom.
  4414 | D:4      | Reached skill level 6 in Axes
  4590 | D:4      | 4590 ||| Stepping ~*~*~tactically~*~*~ (stealth).
  4592 | D:4      | 4592 ||| Stepping ~*~*~tactically~*~*~ (stealth).
  4596 | D:4      | 4596 ||| Stepping ~*~*~tactically~*~*~ (hiding).
  4597 | D:4      | 4597 ||| Stepping ~*~*~tactically~*~*~ (hiding).
  4605 | D:4      | Reached XP level 6. HP: 29/38 MP: 10/10
  4624 | D:4      | HP: 8/38 [orc/+0 whip (2)]
  4625 | D:4      | 4625 ||| DRINKING 2 potions of heal wounds.
  4636 | D:4      | Reached skill level 7 in Axes
  4873 | D:4      | 4873 ||| Stepping ~*~*~tactically~*~*~ (stealth).
  5027 | D:4      | 5027 ||| UPGRADING to +6 ring of strength.
  5029 | D:4      | 5029 ||| READING scroll labelled XYTUEL BEUNIQ.
  5030 | D:4      | 5030 ||| READING 2 scrolls labelled CYRONW NECRUA.
  5031 | D:4      | 5031 ||| READING 2 scrolls of identify.
  5031 | D:4      | 5031 ||| IDENTIFYING bubbling clear potion
  5032 | D:4      | 5032 ||| DROPPING potion of invisibility.
  5033 | D:4      | 5033 ||| DROPPING scroll of butterflies.
  5055 | D:5      | Entered Level 5 of the Dungeon
  5062 | D:5      | Noticed a water moccasin
  5075 | D:5      | Killed a water moccasin
  5076 | D:5      | Reached skill level 3 in Fighting
  5076 | D:5      | Reached XP level 7. HP: 38/46 MP: 11/11
  5448 | D:5      | HP: 11/46 [poisoned by a water moccasin]
  5449 | D:5      | 5449 ||| DRINKING potion of heal wounds.
  5452 | D:5      | Reached * piety under Okawaru
  5753 | D:5      | Reached skill level 1 in Invocations
  5977 | D:5      | 5977 ||| SWAPPING to +2 vorpal hand axe.
  5978 | D:5      | 5978 ||| DROPPING +1 hand axe.
  6144 | D:5      | 6144 ||| UPGRADING to +0 kite shield.
  6154 | D:5      | 6154 ||| DROPPING +0 buckler.
  6155 | D:5      | 6155 ||| READING scroll labelled ZUALOI BAKHLONA.
  6156 | D:5      | 6156 ||| DRINKING 3 fizzy yellow potions.
  6157 | D:5      | 6157 ||| READING 2 scrolls of identify.
  6157 | D:5      | 6157 ||| IDENTIFYING gluggy blue potion
  6158 | D:5      | 6158 ||| DROPPING potion of brilliance.
  6194 | D:6      | Reached skill level 3 in Shields
  6194 | D:6      | 6194 ||| INVOKING Heroism.
  6199 | D:6      | Reached XP level 8. HP: 23/52 MP: 9/12
  6376 | D:6      | 6376 ||| Stepping ~*~*~tactically~*~*~ (stealth).
  6377 | D:6      | 6377 ||| INVOKING Heroism.
  6590 | D:6      | 6590 ||| INVOKING Heroism.
  6605 | D:6      | Reached skill level 3 in Invocations
  6920 | D:6      | Found a hide-covered altar of Uskayaw.
  6965 | D:6      | Found a staircase to the Ecumenical Temple.
  7042 | D:6      | 7042 ||| INVOKING Heroism.
  7054 | D:6      | Reached skill level 8 in Axes
  7062 | D:6      | 7062 ||| INVOKING Heroism.
  7116 | D:6      | 7116 ||| Stepping ~*~*~tactically~*~*~ (stealth).
  7118 | D:6      | 7118 ||| Stepping ~*~*~tactically~*~*~ (stealth).
  7123 | D:6      | 7123 ||| Stepping ~*~*~tactically~*~*~ (hiding).
  7128 | D:6      | 7128 ||| INVOKING Heroism.
  7136 | D:6      | Reached ** piety under Okawaru
  7168 | D:6      | 7168 ||| SWAPPING to +0 war axe.
  7169 | D:6      | 7169 ||| DROPPING +0 flail.
  7170 | D:6      | 7170 ||| DROPPING +2 vorpal hand axe.
  7346 | D:6      | 7346 ||| UPGRADING to +0 plate armour.
  7356 | D:6      | 7356 ||| DROPPING +0 chain mail.
  7357 | D:6      | 7357 ||| DROPPING ring of magical power.
  7358 | D:6      | 7358 ||| READING scroll labelled TEKANE VACONI.
  7359 | D:6      | 7359 ||| DRINKING 3 fizzy coppery potions.
  7360 | D:6      | 7360 ||| DRINKING 3 smoky orange potions.
  7465 | D:6      | 7465 ||| DRINKING 2 bubbling sapphire potions.
  7466 | D:6      | 7466 ||| DROPPING 2 potions of berserk rage.
  7467 | D:6      | 7467 ||| DROPPING potion of attraction.
  7497 | D:7      | 7497 ||| Stepping ~*~*~tactically~*~*~ (stealth).
  7509 | D:7      | 7509 ||| INVOKING Heroism.
  7514 | D:7      | Reached skill level 3 in Armour
  7739 | D:7      | Reached XP level 9. HP: 47/57 MP: 13/13
  7792 | D:7      | 7792 ||| READING scroll of enchant armour.
  7792 | D:7      | 7792 ||| ENCHANTING +1 hat.
  7823 | D:7      | 7823 ||| Stepping ~*~*~tactically~*~*~ (hiding).
  7824 | D:7      | 7824 ||| Stepping ~*~*~tactically~*~*~ (hiding).
  7826 | D:7      | 7826 ||| Stepping ~*~*~tactically~*~*~ (hiding).
  7831 | D:7      | 7831 ||| Stepping ~*~*~tactically~*~*~ (hiding).
  7833 | D:7      | 7833 ||| Stepping ~*~*~tactically~*~*~ (hiding).
  7920 | D:7      | 7920 ||| Stepping ~*~*~tactically~*~*~ (stealth).
  7925 | D:7      | 7925 ||| Stepping ~*~*~tactically~*~*~ (stealth).
  7931 | D:7      | 7931 ||| Stepping ~*~*~tactically~*~*~ (stealth).
  7937 | D:7      | Noticed Pikel
  7937 | D:7      | 7937 ||| INVOKING Heroism.
  7939 | D:7      | Killed Pikel
  7940 | D:7      | Reached skill level 9 in Axes
  8027 | D:7      | Found a runed translucent door.
  8027 | D:7      | Noticed qw's ghost (novice TeWr)
  8029 | D:7      | 8029 ||| Stepping ~*~*~tactically~*~*~ (hiding).
  8036 | D:7      | 8036 ||| INVOKING Heroism.
  8148 | D:7      | 8148 ||| INVOKING Heroism.
  8174 | D:7      | Found an ancient bone altar of Kikubaaqudgha.
  8357 | D:7      | Noticed a deep troll
  8357 | D:7      | Noticed a deep troll
  8357 | D:7      | Noticed a deep troll
  8358 | D:7      | 8358 ||| INVOKING Heroism.
  8359 | D:7      | Noticed a deep troll
  8360 | D:7      | 8360 ||| Stepping ~*~*~tactically~*~*~ (stealth).
  8367 | D:7      | HP: 13/57 [deep troll (3)]
  8368 | D:7      | 8368 ||| DRINKING 3 potions of heal wounds.
  8368 | D:7      | HP: 6/57 [deep troll (14)]
  8368 | D:7      | HP: 2/57 [deep troll (4)]
  8368 | D:7      | Mangled by a deep troll

Levels and vault maps discovered:
D:1:      matt_arrival_spirals, layout_basic, serial_shops,
          nicolae_shop_crystal, minmay_tromino_i4
D:2:      layout_loops_ring, serial_shops, nicolae_shop_overgrown_old_shop,
          nicolae_square_shop, nicolae_diamond_shop, basic_altar,
          minmay_misc_feat_room, minmay_quadrilaterals
D:3:      layout_loops_ring, lemuel_tele_altar, general_overflow_altar,
          mainiacjoe_overflow_alcove_3, gammafunk_ghost_nasty_kobolds
D:4:      layout_loops_cross, mainiacjoe_overflow_surrounded_room,
          grunt_temple_overflow_open, kennysheep_generic_room_10
D:5:      layout_loops_corners
D:6:      layout_basic, old_standard_altar, temple_hall
D:7:      nicolae_BIG_FREAKIN_CUBE, layout_basic, kennysheep_vampire_church,
          gammafunk_ghost_grave, hellmonk_guarded_unrand_vitality_bloodlust,
          uniq_pikel

Skill      XL: |  1  2  3  4  5  6  7  8  9 |
---------------+----------------------------+-----
Axes           | 3 4 5 6 7 8 9 |  9.3
Shields        | 1 3 5 |  5.6
Armour         | 2 3 4 |  4.0
Fighting       | 3 4 |  4.0
Invocations    | 2 4 |  4.0
Throwing       | 2 |  2.0
Dodging        | |  2.1
Spellcasting   | |  2.0
Translocations | |  2.4

Action                   |  1- 3 |  4- 6 |  7- 9 || total
-------------------------+-------+-------+-------++-------
Melee: Hand axe          |    88 |   230 |   112 ||   430
       Kick              |    22 |    61 |    55 ||   138
       Peck              |     7 |    28 |    26 ||    61
       War axe           |       |       |    75 ||    75
Throw: Boomerang         |     7 |     1 |       ||     8
       Javelin           |       |     4 |    35 ||    39
Invok: Heroism           |       |       |    11 ||    11
  Use: Scroll            |     2 |     6 |     4 ||    12
       Potion            |       |     6 |     6 ||    12
Armor: Leather armour    |    14 |     5 |       ||    19
       Ring mail         |       |    13 |       ||    13
       Chain mail        |       |   115 |    32 ||   147
       Plate armour      |       |       |    48 ||    48
Dodge: Dodged            |    40 |    69 |    64 ||   173
Block: Buckler           |     3 |    31 |     7 ||    41
       Kite shield       |       |       |    81 ||    81

Table legend:
 A = Non-vault XP
 B = Vault XP
 C = Vault XP percentage of total XP
 D = Non-vault monster count
 E = Vault monster count
 F = Vault count percentage of total count
                 A         B        C        D         E       F
            +---------+---------+-------+---------+---------+-------
      Total |    2693 |     693 |  20.5 |     154 |      18 |  10.5
            +---------+---------+-------+---------+---------+-------
        D:1 |      42 |       6 |  12.5 |      25 |       3 |  10.7
        D:2 |      56 |      11 |  16.4 |      17 |       6 |  26.1
        D:3 |      47 |       0 |   0.0 |      23 |       0 |   0.0
        D:4 |     403 |       2 |   0.5 |      41 |       1 |   2.4
        D:5 |     545 |       0 |   0.0 |       8 |       0 |   0.0
        D:6 |     960 |       0 |   0.0 |      23 |       0 |   0.0
        D:7 |     640 |     674 |  51.3 |      17 |       8 |  32.0
            +---------+---------+-------+---------+---------+-------
